Map: Dusk Towers

Players

YaaakoV

  • Race: Terran Terran
  • League: Gold

capac - Winner!

  • Race: Terran Terran
  • League: Gold

VOD

Have the link to the VOD?

Description

Time

  • Played on: April 1, 2016, 12:10 p.m.
  • Length: 13:02
Show
View Real Time Build Order
Export as new Build Order

YaaakoV Terran 

Build Orders: MMM Bio, Banshee Rush 

Get SALT Encoding   

  12  0:03  SCV  
  13  0:15  SCV  
  13  0:20  Supply Depot  
  14  0:27  SCV  
  15  0:29  Refinery  
  15  0:41  SCV  
  16  0:45  Barracks  
  16  0:56  SCV  
  17  1:08  SCV  
  17  1:09  Supply Depot  
  18  1:14  Refinery  
  18  1:20  SCV  
  19  1:40  Orbital Command  
  19  1:46  Factory  
  19  1:47  Barracks Reactor  
  19  2:13  SCV  
  20  2:24  Marine x2  
  20  2:25  SCV  
  23  2:34  Starport, Factory Tech Lab  
  23  2:43  Marine  
  25  2:53  Marine  
  25  3:01  Marine  
  25  3:03  Factory Tech Lab  
  25  3:04  SCV  
  27  3:16  SCV, Command Center  
  30  3:23  Banshee  
  30  3:24  Cloaking Field  
  31  3:30  Supply Depot  
  31  3:51  Siege Tank, SCV  
  31  3:53  Supply Depot, Marine  
  31  3:54  Barracks, Marine  
  37  4:14  Banshee  
  37  4:15  SCV  
  41  4:19  Supply Depot  
  41  4:23  Siege Tank  
  44  4:24  Marine  
  44  4:25  Marine  
  46  4:38  SCV  
  47  4:43  Engineering Bay  
  47  4:49  Barracks Tech Lab  
  47  4:50  SCV  
  48  4:57  Banshee  
  51  5:03  Marine x2  
  53  5:36  SCV  
  53  5:40  Banshee  
  57  5:48  SCV  
  58  6:00  Marine x3, SCV  
  58  6:04  Stimpack  
  62  6:05  Siege Tank  
  62  6:11  Command Center  
  65  6:12  SCV  
  65  6:13  Orbital Command  
  65  6:18  Marine  
  66  6:23  Banshee  
  70  6:47  Supply Depot  
  70  7:08  Marine x3, SCV  
  70  7:09  Command Center  
  73  7:20  SCV  
  71  7:26  Marine x3  
  74  7:32  Siege Tank, SCV  
  74  7:34  SCV  
  79  7:45  SCV  
  79  7:51  Terran Infantry Weapons Level 1  
  80  8:01  Orbital Command  
  80  8:05  Combat Shields  
  80  8:06  Barracks  
  80  8:10  Siege Tank  
  80  8:12  Marine x3  
  85  8:14  Starport Reactor  
  86  8:25  Barracks  
  86  8:29  SCV x3  
  86  8:30  Marine  
  90  8:35  Refinery  
  90  8:37  Refinery  
  90  8:40  Engineering Bay  
  90  8:41  SCV x3  
  93  8:48  Armory  
  93  8:53  Marine x3, SCV  
  97  9:11  Marine x3  
  100  9:33  Barracks Reactor  
  100  9:36  SCV x2  
  100  9:37  SCV  
  103  9:39  Barracks  
  103  9:41  Orbital Command  
  103  9:43  Medivac x2  
  107  9:46  Marine  
  108  9:54  Starport  
  108  10:07  Terran Vehicle Weapons Level 1  
  108  10:09  Terran Infantry Weapons Level 2  
  108  10:11  Terran Infantry Armor Level 1  
  108  10:16  Supply Depot  
  108  10:18  Supply Depot  
  108  10:28  Barracks Reactor  
  108  10:37  Marine x2  
  108  10:38  Marine x2, SCV x3  
  108  10:39  Supply Depot  
  108  10:41  Supply Depot  
  115  10:43  Starport Reactor  
  115  10:44  Medivac  
  117  10:50  SCV x2  
  117  10:55  Marine x2, SCV x2  
  123  11:00  Marine x3  
  123  11:02  SCV x2  
  128  11:05  Command Center  
  128  11:07  SCV x2  
  130  11:13  Sensor Tower  
  130  11:14  SCV  
  131  11:21  Supply Depot  
  131  11:24  Medivac x2  
  135  11:43  Supply Depot  
  135  11:44  Refinery  
  135  11:46  Refinery  
  135  11:50  Sensor Tower  
  135  11:56  Command Center  
  135  11:57  Medivac x2  
  135  11:59  Marine x2  
  141  12:06  Supply Depot  
  141  12:21  Command Center  
  90  12:31  Marine x6  
  90  12:32  Marine x2  
Show
View Real Time Build Order
Export as new Build Order

capac Terran - Winner!

Build Orders:  

Get SALT Encoding   

  12  0:01  SCV  
  13  0:13  SCV  
  14  0:18  Supply Depot  
  14  0:25  SCV  
  15  0:39  SCV  
  15  0:41  Barracks  
  16  0:45  Refinery  
  16  0:51  SCV  
  17  1:03  SCV  
  18  1:16  SCV  
  19  1:28  SCV  
  19  1:31  Reaper  
  21  1:36  Command Center  
  21  1:46  Orbital Command  
  21  1:53  Supply Depot  
  21  2:07  Factory  
  21  2:10  Marine  
  21  2:14  SCV  
  23  2:21  Refinery  
  23  2:28  Barracks Reactor  
  23  2:46  SCV  
  24  2:55  Factory Tech Lab  
  24  2:59  SCV  
  24  3:01  Orbital Command  
  25  3:07  Marine x2  
  25  3:10  Barracks  
  25  3:11  SCV  
  28  3:16  Siege Tank  
  31  3:23  SCV  
  31  3:26  Marine  
  31  3:27  Marine  
  33  3:33  Starport  
  34  3:36  SCV x2  
  36  3:59  Barracks Tech Lab  
  36  4:01  Barracks  
  36  4:02  Siege Tank  
  39  4:03  SCV x2  
  39  4:09  Engineering Bay  
  41  4:13  Marine x2  
  41  4:15  SCV  
  41  4:16  SCV  
  45  4:27  Supply Depot  
  45  4:29  Supply Depot  
  45  4:36  Medivac  
  47  4:39  Siege Tank  
  47  4:40  Command Center  
  50  4:47  Marine x3  
  50  4:52  Barracks Reactor  
  53  5:01  Missile Turret  
  53  5:02  Refinery  
  51  5:09  Missile Turret  
  43  5:40  Marine x2  
  43  5:41  Marine x2  
  45  5:50  Marine  
  45  5:52  Viking  
  46  5:58  Marine x2  
  46  6:02  SCV x2  
  50  6:14  SCV  
  51  6:23  Viking, Missile Turret  
  53  6:51  SCV x2  
  55  6:55  Starport Reactor  
  55  6:56  Marine x2  
  55  6:57  Marine x3  
  60  7:09  Stimpack  
  50  7:27  SCV  
  50  7:28  SCV  
  52  7:32  Refinery  
  52  7:34  Medivac  
  52  7:36  Marine x5  
  59  7:38  Orbital Command  
  62  7:44  Siege Tank  
  62  7:45  SCV x2  
  64  7:53  Marine  
  64  7:55  Marine x4  
  69  8:11  SCV x2  
  71  8:14  Marine x5  
  71  8:17  Siege Tank  
  79  8:23  Supply Depot  
  79  8:32  Marine x2  
  79  8:33  SCV x2  
  83  8:34  SCV  
  83  8:38  Marine  
  85  8:45  Marine x2, Medivac x2  
  91  8:49  Marine  
  91  8:50  Supply Depot, Marine  
  91  8:51  SCV x2  
  91  8:54  SCV  
  96  8:56  Marine  
  97  9:07  Starport  
  97  9:10  SCV x3  
  95  9:29  SCV x2  
  95  9:30  SCV  
  98  9:32  Missile Turret  
  98  9:33  Viking x2  
  98  9:35  Siege Tank  
  105  9:48  Starport Reactor  
  105  9:51  Barracks  
  105  9:53  Factory  
  105  9:57  Barracks  
  104  10:01  Marine x2  
  104  10:02  Marine x3, Missile Turret  
  109  10:14  Viking x2, Siege Tank  
  109  10:15  Supply Depot  
  116  10:22  Marine  
  116  10:25  Combat Shields  
  117  10:36  Marine x4, SCV x2  
  117  10:38  SCV  
  124  10:43  Supply Depot  
  124  10:48  SCV  
  125  11:05  SCV, Medivac x2  
  130  11:19  Siege Tank  
  130  11:20  Factory Tech Lab  
  133  11:29  Barracks Reactor  
  133  11:32  Barracks Reactor  
  133  11:39  Refinery  
  133  11:42  Refinery  
  133  12:08  Supply Depot  
  133  12:11  Marine x3  
  133  12:12  Siege Tank, SCV x2  
  133  12:14  Supply Depot  
  133  12:15  Supply Depot  
  141  12:23  Marine  
  141  12:24  Marine, SCV x3  
  141  12:28  Siege Tank  
  136  12:36  SCV  
Tags
 
Composition
MMM Bio
League
GoldGold
Matchup
TvT
Race
Terran
Strategy
Banshee Rush
Add a new tag
Caveats
  • Supply blocks, unpowered buildings, or Contaminate may cause inaccurate times.
  • Supply counts are checked every 10 seconds.